 Dungeon Crawl Stone Soup version 0.28.0-49-g6dfe1f597d (webtiles) character file.

Game seed: 1022502528312389323

1588403 fictitious the Invulnerable (level 26, 230/230 HPs)
             Began as a Minotaur Fighter on May 19, 2022.
             Was a High Priest of Fedhas.
             Escaped with the Orb
             ... and 3 runes!
             The game lasted 05:14:25 (78360 turns).

fictitious the Invulnerable (Minotaur Fighter)     Turns: 78360, Time: 05:14:26

Health: 230/230    AC: 45    Str: 28      XL:     26   Next: 75%
Magic:  36/36      EV: 24    Int:  6 (7)  God:    Fedhas [*****.]
Gold:   5900       SH:  0    Dex: 13      Spells: 25/25 levels left

rFire   + + +      SeeInvis +   a - +7 bardiche (drain)
rCold   + . .      Faith    +   (shield currently unavailable)
rNeg    + + .      Spirit   .   o - +5 gold dragon scales
rPois   +          Reflect  .   (helmet restricted)
rElec   .          Harm     .   U - +2 cloak {Will+}
rCorr   +          Rampage  .   z - +3 pair of gauntlets of War {Slay+5}
Will    +++..      NoCast   +   w - +2 pair of boots {Fly}
Stlth   ..........              H - amulet of Zukecs {Faith -Cast rF+ rCorr}
HPRegen 0.48/turn               r - ring of Soisu {rPois rF+ rN++ SInv Stlth-}
MPRegen 0.25/turn               Z - ring of the Hare {EV+8}

@: flying, hasted, studying 2 skills, very quick
A: horns 2, retaliatory headbutt, deterioration 1, frail 1, strong-willed 1,
mutation resistance 1, screaming 1, inhibited regeneration, noise suppression
0: Orb of Zot
}: 3/15 runes: serpentine, barnacled, silver
a: Renounce Religion, Wall of Briars, Grow Ballistomycete, Overgrow, Grow Oklob


You escaped.
You worshipped Fedhas.
Fedhas was extremely pleased with you.
You visited 10 branches of the dungeon, and saw 49 of its levels.
You also visited: Trove, Bailey, Gauntlet, Ice Cave and Desolation.

You collected 8780 gold pieces.
You spent 2880 gold pieces at shops.

Inventory:

Hand Weapons
 a - a +7 bardiche of draining (weapon)
 b - a +5 arbalest of freezing
 h - a +0 vampiric bardiche
 l - a +0 triple crossbow
 m - the +8 glaive of the Guard {elec, spectral, AC+5}
   (You found it on level 1 of the Depths)

   It occasionally discharges a powerful burst of electricity upon striking a
   foe.
   When it strikes, its spirit leaps out and fights alongside the wielder.
   AC:        It affects your AC (+5).
Missiles
 g - 1462 bolts
 t - 6 throwing nets (quivered)
 N - 13 silver javelins
 S - 18 curare-tipped darts
Armour
 o - +5 gold dragon scales (worn)
 w - a +2 pair of boots of flying (worn)
 z - the +3 pair of gauntlets of War (worn) {Slay+5}
   (You acquired it on level 8 of the Dungeon)

   Slay:      It affects your accuracy & damage with ranged weapons and melee
   (+5).
 R - the +2 hat "Huecw" {rElec Dex+4 Slay-2}
   (You found it on level 2 of the Elven Halls)

   Dex:       It affects your dexterity (+4).
   Slay:      It affects your accuracy & damage with ranged weapons and melee
   (-2).
   rElec:     It insulates you from electricity.
 T - the +3 hat of Pondering {ponderous, Will+ MP+10 Int+5}
   (You found it in the Desolation of Salt)

   Int:       It affects your intelligence (+5).
   MP:        It affects your magic capacity (+10).
   Will:      It increases your willpower.
 U - a +2 cloak of willpower (worn)
 W - a +2 hat
Jewellery
 j - the ring of Doubts {Fly rElec rC+ Dex+6}
   (You took it off a minotaur in a Gauntlet)

   [ring of flight]

   Dex:       It affects your dexterity (+6).
   rC:        It protects you from cold.
   rElec:     It insulates you from electricity.
   Fly:       It grants you flight.
 k - the ring of Vemic {rCorr Slay+2 Stlth+}
   (You found it in a treasure trove)

   [ring of resist corrosion]

   Slay:      It affects your accuracy & damage with ranged weapons and melee
   (+2).
   rCorr:     It protects you from acid and corrosion.
   Stlth:     It makes you more stealthy.
 q - the ring "Jehoeceodgh" {Contam Drain rN+++ Dex+6 SInv}
   (You took it off a vault sentinel on level 5 of the Vaults)

   [ring of dexterity]

   Dex:       It affects your dexterity (+6).
   rN:        It renders you almost immune to negative energy.
   SInv:      It lets you see invisible.
   Contam:    It causes magical contamination when unequipped.
   Drain:     It drains your maximum health when unequipped.
 r - the ring of Soisu (left hand) {rPois rF+ rN++ SInv Stlth-}
   (You found it in the Desolation of Salt)

   [ring of see invisible]

   rF:        It protects you from fire.
   rPois:     It protects you from poison.
   rN:        It greatly protects you from negative energy.
   SInv:      It lets you see invisible.
   Stlth:     It makes you less stealthy.
 v - the ring "Mipluw" {rElec rC+ rN+ SInv}
   (You found it in a treasure trove)

   [ring of see invisible]

   rC:        It protects you from cold.
   rElec:     It insulates you from electricity.
   rN:        It protects you from negative energy.
   SInv:      It lets you see invisible.
 y - the amulet of Okawaru's Regard {Spirit -Cast rElec Dex+3}
   (You found it in a treasure trove)

   [amulet of guardian spirit]

   It causes incoming damage to be divided between your reserves of health and
   magic.
   Dex:       It affects your dexterity (+3).
   rElec:     It insulates you from electricity.
   -Cast:     It prevents spellcasting.
 F - the ring "Penu" {rPois rF++ rCorr Dex+3 Slay-3}
   (You found it in a treasure trove)

   [ring of resist corrosion]

   Dex:       It affects your dexterity (+3).
   Slay:      It affects your accuracy & damage with ranged weapons and melee
   (-3).
   rF:        It greatly protects you from fire.
   rPois:     It protects you from poison.
   rCorr:     It protects you from acid and corrosion.
 H - the amulet of Zukecs (around neck) {Faith -Cast rF+ rCorr}
   (You acquired it on level 11 of the Dungeon)

   [amulet of faith]

   It allows you to gain divine favour quickly.
   rF:        It protects you from fire.
   -Cast:     It prevents spellcasting.
   rCorr:     It protects you from acid and corrosion.
 L - the ring of Paranoia {Str+7 Int-3 Dex+6 Slay+2}
   (You acquired it on level 5 of the Vaults)

   [ring of dexterity]

   Str:       It affects your strength (+7).
   Int:       It affects your intelligence (-3).
   Dex:       It affects your dexterity (+6).
   Slay:      It affects your accuracy & damage with ranged weapons and melee
   (+2).
 O - the ring "Hiokh" {rPois EV+4 Int+2}
   (You found it in the Desolation of Salt)

   [ring of evasion]

   EV:        It affects your evasion (+4).
   Int:       It affects your intelligence (+2).
   rPois:     It protects you from poison.
 Y - the ring "Boopon" {Wiz Fly Will+ Stlth+}
   (You took it off a deep elf demonologist on level 3 of the Elven Halls)

   [ring of wizardry]

   It improves your spell success rate.
   Fly:       It grants you flight.
   Will:      It increases your willpower.
   Stlth:     It makes you more stealthy.
 Z - the ring of the Hare (right hand) {EV+8}
   (You found it on level 4 of the Realm of Zot)

   [ring of evasion]

   EV:        It affects your evasion (+8).
Wands
 A - a wand of acid (15)
 B - a wand of iceblast (28)
 I - a wand of digging (5)
Scrolls
 e - a scroll of holy word
 f - 15 scrolls of teleportation
 i - a scroll of enchant weapon
 n - 9 scrolls of blinking {!r}
 C - 2 scrolls of magic mapping
 E - 8 scrolls of fear
 J - 8 scrolls of silence
 M - 6 scrolls of fog
Potions
 c - 4 potions of mutation {!q}
 d - 2 potions of resistance
 s - 3 potions of ambrosia
 u - 2 potions of invisibility
 D - 2 potions of magic
 G - 2 potions of heal wounds
 K - a potion of haste {!q}
 P - 38 potions of curing
 Q - 4 potions of might
 X - 3 potions of cancellation
Miscellaneous
 V - a condenser vane


   Skills:
 + Level 24.4 Fighting
 - Level 24.0 Polearms
 - Level 24.2 Crossbows
 O Level 27 Armour
 * Level 24.1 Dodging
 - Level 5.0 Shields
 - Level 20.0 Invocations


You had 25 spell levels left.
You didn't know any spells.
Your spell library contained the following spells:

 Spells                   Type           Power      Damage    Failure   Level
 Apportation              Tloc           0%         N/A       96%         1
 Foxfire                  Conj/Fire      0%         2x1d4     96%         1
 Sandblast                Erth           0%         2d4       96%         1
 Shock                    Conj/Air       0%         1d3       96%         1
 Slow                     Hex            0%         N/A       96%         1
 Sting                    Tmut/Pois      0%         1d3       96%         1
 Blink                    Tloc           0%         N/A       99%         2
 Corpse Rot               Necr/Air       0%         N/A       99%         2
 Ensorcelled Hibernation  Hex/Ice        0%         N/A       99%         2
 Passwall                 Tmut/Erth      0%         N/A       99%         2
 Poisonous Vapours        Pois/Air       0%         N/A       99%         2
 Scorch                   Fire           0%         2d5       99%         2
 Static Discharge         Conj/Air       0%         N/A       99%         2
 Sublimation of Blood     Necr           0%         N/A       99%         2
 Wereblood                Tmut           0%         N/A       99%         2
 Confusing Touch          Hex            0%         N/A       100%        3
 Conjure Flame            Conj/Fire      0%         6-21      100%        3
 Frozen Ramparts          Ice            0%         1d2       100%        3
 Gell's Gravitas          Tloc           0%         N/A       100%        3
 Ignite Poison            Fire/Tmut/Pois 0%         N/A       100%        3
 Inner Flame              Hex/Fire       0%         N/A       100%        3
 Lesser Beckoning         Tloc           0%         N/A       100%        3
 Mephitic Cloud           Conj/Pois/Air  0%         N/A       100%        3
 Ozocubu's Armour         Ice            0%         N/A       100%        3
 Portal Projectile        Hex/Tloc       0%         N/A       100%        3
 Stone Arrow              Conj/Erth      0%         3d7       100%        3
 Summon Guardian Golem    Hex/Summ       0%         N/A       100%        3
 Swiftness                Air            0%         N/A       100%        3
 Teleport Other           Tloc           0%         N/A       100%        3
 Vampiric Draining        Necr           0%         2d6       100%        3
 Airstrike                Air            0%         N/A       100%        4
 Animate Armour           Summ/Erth      0%         N/A       100%        4
 Cause Fear               Hex            0%         N/A       100%        4
 Dispel Undead            Necr           0%         3d6       100%        4
 Flame Wave               Conj/Fire      0%         2d4       100%        4
 Fulminant Prism          Conj/Hex       0%         3d6       100%        4
 Ice Form                 Ice/Tmut       0%         N/A       100%        4
 Iskenderun's Mystic Bla  Conj/Tloc      0%         2d3       100%        4
 Leda's Liquefaction      Hex/Erth       0%         N/A       100%        4
 Olgreb's Toxic Radiance  Pois           0%         N/A       100%        4
 Passage of Golubria      Tloc           0%         N/A       100%        4
 Petrify                  Tmut/Erth      0%         N/A       100%        4
 Sticky Flame             Conj/Fire      0%         2d3       100%        4
 Summon Ice Beast         Ice/Summ       0%         N/A       100%        4
 Summon Lightning Spire   Summ/Air       0%         N/A       100%        4
 Alistair's Intoxication  Tmut/Pois      0%         N/A       100%        5
 Blade Hands              Tmut           0%         N/A       100%        5
 Borgnjor's Vile Clutch   Necr/Erth      0%         N/A       100%        5
 Excruciating Wounds      Necr           0%         N/A       100%        5
 Freezing Cloud           Conj/Ice/Air   0%         6-21      100%        5
 Irradiate                Conj/Tmut      0%         3d13      100%        5
 Lee's Rapid Deconstruct  Erth           0%         3d5*      100%        5
 Lightning Bolt           Conj/Air       0%         1d11      100%        5
 Manifold Assault         Tloc           0%         N/A       100%        5
 Metabolic Englaciation   Hex/Ice        0%         N/A       100%        5
 Silence                  Hex/Air        0%         N/A       100%        5
 Summon Forest            Summ/Tloc      0%         N/A       100%        5
 Summon Mana Viper        Hex/Summ       0%         N/A       100%        5
 Death Channel            Necr           0%         N/A       100%        6
 Dispersal                Tloc           0%         N/A       100%        6
 Eringya's Noxious Bog    Tmut/Pois      0%         N/A       100%        6
 Iron Shot                Conj/Erth      0%         9d1       100%        6
 Simulacrum               Ice/Necr       0%         N/A       100%        6
 Statue Form              Tmut/Erth      0%         N/A       100%        6
 Summon Cactus Giant      Summ           0%         N/A       100%        6
 Dragon Form              Tmut           0%         N/A       100%        7
 Haunt                    Necr/Summ      0%         N/A       100%        7
 Malign Gateway           Summ/Tloc      0%         N/A       100%        7
 Ozocubu's Refrigeration  Ice            0%         4d5       100%        7
 Storm Form               Tmut/Air       0%         N/A       100%        7
 Summon Hydra             Summ           0%         N/A       100%        7
 Discord                  Hex            0%         N/A       100%        8
 Disjunction              Tloc           0%         N/A       100%        8
 Lehudib's Crystal Spear  Conj/Erth      0%         10d2      100%        8
 Chain Lightning          Conj/Air       0%         N/A       100%        9
 Dragon's Call            Summ           0%         N/A       100%        9
 Polar Vortex             Ice            0%         N/A       100%        9


Dungeon Overview and Level Annotations

Branches:
Dungeon (15/15)            Temple (1/1) D:5            Lair (6/6) D:9
 Shoals (4/4) Lair:4        Snake (4/4) Lair:3        Slime (0/5) Lair:5
    Orc (2/2) D:9             Elf (3/3) Orc:2        Vaults (5/5) D:13
  Crypt (0/3) Vaults:3     Depths (4/4) D:15            Zot (5/5) Depths:4
 Bailey (visited)           IceCv (visited)         Desolation (visited)
Gauntlet (visited)

Altars:
Ashenzari
Cheibriados
Elyvilon
Fedhas
Gozag
Hepliaklqana
Makhleb
Nemelex Xobeh
Okawaru
Ru
Sif Muna
Trog
Uskayaw
Vehumet
Wu Jian
Yredelemnul
Zin
The Shining One

Shops:
D:6 ((   D:10 !   D:13 :   D:15 (   Orc:2 :[*:!   Shoals:4 *   Snake:3 ::=
Snake:4 [

Portals:
Hell: Depths:1 Depths:2 Depths:3 Depths:4
Abyss: Depths:2 Depths:3
Pandemonium: Depths:2 Depths:4
Ziggurat: Depths:1

Annotations:
Elf:2 2 transporters
Depths:3 1 runed translucent door


Innate Abilities, Weirdness & Mutations

You have a pair of horns on your head.
You reflexively headbutt those who attack you in melee.
Your body sometimes deteriorates upon taking damage.
You are frail. (-10% HP)
You are strong-willed. (Will+)
You are somewhat resistant to further mutation.
You occasionally shout uncontrollably at your foes.
You do not regenerate when monsters are visible.
You passively dampen the noise of your surroundings.


Message History

You see here a +0 robe.
There is an open door here.
There is a stone staircase leading up here.
HP restored.
You fly upwards.
There is a stone staircase leading down here.
There is a stone staircase leading up here.
You fly upwards.
There is a stone staircase leading down here.
There is a stone staircase leading up here.
You fly upwards.
There is a stone staircase leading down here.
A Noaghom and a ynoxinul come into view.
You yell at the ynoxinul!
The ynoxinul bellows!
Press: ? - help, v - describe, . - travel
Here: Noaghom The floor.
Really quaff
K - 2 potions of haste {!q}?
You feel yourself speed up.
Aiming: Dig
Press: ? - help, Shift-Dir - straight line A rock wall.
This square is covered in magical glow.
The rock shatters into small pieces.
Really read
n - 10 scrolls of blinking {!r}?
Blink to where?
Press: ? - help, Dir - move target A rust devil comes into view.
As you read the scroll of blinking {!r}, it crumbles to dust.
The rust devil screeches!
You fly upwards.
There is a stone staircase leading down here.
(D) Dungeon (T) Temple (L) Lair (A) Shoals (P) Snake Pit (M) Slime Pits (O) Orcish Mines (E) Elven Halls (V) Vaults (C) Crypt (U) Depths (H) Hell (Z) Zot
Where to? (Enter - D:1 @ (x,y), ? - help)
There is a staircase leading out of the dungeon here.
You have escaped!

#########..##.⌠.
##.....##..##...#
##.........##...##
#.........##...##.
#........++.⌠.'†..
#.........##...##.
##.......>..##...## #######
#.###........##...#
......#######♣♣.@.##.....#..##.⌠.
.####.##....#♣....♣##....##..##+#
...###.#....#♣....♣ #....####....
##.# ♣≈##...#♣....♣ #....# #####
#.#♣♣≈≈#+#.#..#### #....########
#.#♣≈≈≈#.#.#..#..# #...##.......
###♣≈≈≈###'#..#..# #..###...####
# #♣≈≈≈......♣#..# #### #...#
####≈≈.≈≈.....♣#''# ##...#


There were no monsters in sight!

Vanquished Creatures
  7 dread liches
  8 orbs of fire
  A pandemonium lord (D:14)
  Mennas (Vaults:1)
  Mara (Vaults:4)
  4 Killer Klowns
  Vashnia (Snake:2)
  4 curse toes
  A caustic shrike (Depths:3)
  10 golden dragons
  Nikola (Snake:1)
  2 electric golems (Zot:5)
  A walking crystal tome (Depths:3)
  Jorgrun (Snake:3)
  7 tentacled monstrosities
  A walking earthen tome (Depths:4)
  21 Orb Guardians
  A deep elf master archer (Elf:3)
  3 liches (Depths:2)
  8 titans
  6 deep elf blademasters
  2 Executioners
  7 quicksilver dragons
  5 sphinxes
  A kraken (Shoals:4)
  8 death cobs
  Donald (Elf:1)
  4 shadow dragons
  20 storm dragons
  Roxanne (Elf:2)
  6 tengu reavers
  12 fire giants
  6 draconian knights
  2 draconian monks
  6 nagarajas
  2 rockslimes (shapeshifter) (Vaults:5)
  6 draconian scorchers
  2 deep elf sorcerers
  12 frost giants
  5 iron dragons
  A ghost moth (Zot:3)
  An imperial myrmidon (Desolation)
  18 vault wardens
  4 deep elf elementalists (Elf:3)
  8 draconian shifters
  A caustic shrike zombie (Depths:2)
  6 draconian stormcallers
  7 war gargoyles
  18 ironbound preservers
  15 draconian annihilators
  8 ironbound thunderhulks
  22 very ugly things
  10 stone giants
  3 vampire knights (Depths:1)
  10 green draconians
  A juggernaut skeleton (Depths:2)
  4 deep elf annihilators
  18 dire elephants
  5 spark wasps
  A lorocyproca (Depths:4)
  2 halazid warlocks (Desolation)
  8 red draconians
  12 white draconians
  12 black draconians
  7 deep elf demonologists
  2 minotaurs
  10 yellow draconians
  Snorg (D:10)
  10 purple draconians
  7 deep elf death magi
  3 merfolk javelineers (Shoals:4)
  7 crystal guardians
  A green death (Depths:2)
  9 fire dragons
  8 ettins
  7 merfolk impalers
  4 ragged hierophants (Desolation)
  8 great orbs of eyes
  8 servants of whispers (Desolation)
  Fannar (D:10)
  3 ogre magi
  40 vault guards
  A hell beast (Depths:3)
  7 ice dragons
  4 spriggan air magi
  14 peacekeepers
  4 salamander tyrants (Snake:4)
  10 yaktaur captains
  11 hydras
  18 naga warriors
  11 centaur warriors
  A merfolk avatar (Shoals:4)
  Erica (D:10)
  A death knight (D:15)
  12 two-headed ogres
  2 alligator snapping turtles
  A catoblepas (D:14)
  11 ironbound frosthearts
  12 anacondas
  7 merfolk aquamancers
  3 boulder beetles
  6 deep troll shamans
  A large abomination (D:14)
  8 deep troll earth magi
  A satyr (Shoals:2)
  6 tengu warriors
  11 death yaks
  2 vampire magi
  20 dancing weapons
  10 shock serpents
  An orc high priest (Orc:1)
  11 spriggan berserkers
  9 hell knights
  17 naga sharpshooters
  4 iron trolls
  An iron troll (shapeshifter) (Vaults:5)
  17 deep elf knights
  56 deep trolls
  A sixfirhy (Depths:2)
  2 salamander mystics
  2 skeletal warriors (Vaults:3)
  A shadow wraith (Vaults:5)
  A flayed ghost (Vaults:2)
  5 naga ritualists
  2 glowing orange brains
  17 sea snakes
  3 tengu zombies
  25 ironbound convokers
  13 lindwurms
  11 wizards
  5 phantasmal warriors
  10 deep elf archers
  26 deep elf zephyrmancers
  12 necromancers
  An orange crystal statue (Vaults:4)
  3 orc sorcerers
  24 deep elf pyromancers
  2 orc knights
  A sphinx skeleton (Depths:2)
  13 fauns
  A tengu skeleton (Depths:2)
  11 mana vipers
  A fire giant zombie (Vaults:1)
  8 cyclopes
  11 manticores
  59 ugly things
  8 guardian serpents
  11 elephants
  12 merfolk sirens
  22 moths of wrath
  2 salamanders
  Maurice (D:10)
  3 ice statues (IceCv)
  A smoke demon (Depths:4)
  4 water nymphs
  24 vault sentinels
  A hellion (D:14)
  An elf zombie (Vaults:1)
  39 black mambas
  A rust devil (Depths:2)
  15 cane toads
  6 molten gargoyles
  18 naga magi
  2 unseen horrors
  25 yaktaurs
  11 rime drakes
  A yaktaur zombie (Vaults:4)
  A komodo dragon (shapeshifter) (D:14)
  3 freezing wraiths
  16 komodo dragons
  An entropy weaver simulacrum (IceCv)
  2 ice devils (D:12)
  2 kobold demonologists
  A red devil (Depths:2)
  5 tengu conjurers
  A yaktaur skeleton (Vaults:1)
  34 merfolk
  An anaconda simulacrum (IceCv)
  3 hellwings
  13 trolls
  7 wind drakes
  A polar bear (Lair:6)
  5 hornets
  51 saltlings (Desolation)
  14 blink frogs
  10 snapping turtles
  A stone giant simulacrum (Vaults:1)
  36 slime creatures
  2 dream sheep (Shoals:4)
  A shadow (D:10)
  An air elemental (Elf:1)
  3 vampires
  A ynoxinul (Depths:4)
  10 spriggans
  27 yaks
  A hog (shapeshifter) (Vaults:5)
  11 basilisks
  19 water elementals
  10 wyverns
  4 fire elementals
  A dire elephant simulacrum (IceCv)
  A yak (shapeshifter) (D:13)
  3 wraiths
  7 vampire mosquitoes (D:11)
  3 steam dragons
  A chaos spawn (Gauntlet)
  2 neqoxecs
  A redback (Orc:2)
  2 death yak simulacra (IceCv)
  4 wargs
  49 nagas
  22 water moccasins
  A floating eye (Depths:3)
  5 acid dragons
  A hornet zombie (D:6)
  3 hell hounds (Lair:6)
  An ice beast (shapeshifter) (Vaults:5)
  9 ice beasts
  14 orc warriors
  A black bear (D:5)
  A necrophage (D:6)
  6 boggarts
  23 ogres
  22 centaurs
  27 wolves
  An elf simulacrum (Vaults:1)
  2 kobold brigands (D:11)
  12 bullfrogs
  A cane toad simulacrum (IceCv)
  An earth elemental (Elf:2)
  2 gnoll sergeants
  2 human skeletons
  A scorpion (D:5)
  20 killer bees
  A wyvern skeleton (D:7)
  6 howler monkeys
  12 wights
  2 electric eels (D:14)
  4 lava snakes (Lair:6)
  7 centaur zombies
  A hound (D:7)
  2 gnoll shamans
  A jelly (D:5)
  13 orc priests
  A bullfrog zombie (D:6)
  2 iguanas
  23 orc wizards
  5 hell rats (Lair:5)
  2 yak simulacra (Lair:3)
  3 polar bear simulacra (Lair:3)
  2 wolf simulacra (Lair:3)
  4 centaur simulacra
  2 human simulacra (D:9)
  A hound zombie (D:5)
  A hound skeleton (D:5)
  A howler monkey zombie (D:9)
  Robin (D:2)
  15 gnolls
  10 adders
  A howler monkey skeleton (D:4)
  2 shadow imps
  A howler monkey simulacrum (D:9)
  3 white imps
  An ufetubus (D:5)
  An adder skeleton (D:4)
  A worm (D:2)
  3 dart slugs
  50 orcs
  2 endoplasms
  A giant cockroach (D:1)
  10 goblins
  14 hobgoblins
  6 jackals
  7 kobolds
  2 quokkas
  4 ball pythons
  3 bats
  3 frilled lizards
  A quokka skeleton (D:4)
  5 rats
  4 river rat simulacra (Lair:3)
  3 tentacles (Shoals:4)
2120 creatures vanquished.

Vanquished Creatures (collateral kills)
  An orb of fire (Zot:5)
  2 curse toes
  The ghost of Jingleheimer the Warrior, a veteran FoFi of Qazlal (Elf:2)
  3 golden dragons
  A Brimstone Fiend (D:7)
  A tentacled monstrosity (Vaults:5)
  An Ice Fiend (D:9)
  A lich (Depths:3)
  Asterion (Elf:2)
  2 titans (Vaults:5)
  4 Orb Guardians (Zot:5)
  A deep elf master archer (Elf:3)
  A storm dragon (Zot:5)
  A tengu reaver (Vaults:4)
  2 shadow dragons
  A fire giant (Vaults:5)
  Ilsuiw (Shoals:4)
  A nagaraja (Snake:4)
  A frost giant (Vaults:5)
  2 vault wardens (Vaults:5)
  A spriggan defender (Depths:4)
  2 draconian shifters
  A stone giant (Depths:1)
  2 black draconians (Zot:3)
  A deep elf demonologist (Vaults:5)
  2 green draconians
  3 red draconians
  A yellow draconian (Zot:1)
  A purple draconian (Zot:5)
  3 ettins
  A merfolk javelineer (Shoals:3)
  The ghost of acdeimund the Protected, a journeyman DDFi of Trog (Lair:2)
  2 yaktaur captains (Vaults:5)
  A peacekeeper (Desolation)
  4 naga warriors
  2 ogre magi
  An anaconda (Snake:3)
  4 two-headed ogres (Orc:2)
  2 spriggan berserkers
  A merfolk aquamancer (Shoals:4)
  A death yak (D:9)
  A deep troll earth mage (Vaults:5)
  Urug (Lair:1)
  A hell knight (Depths:4)
  A spriggan (Depths:4)
  2 naga ritualists
  2 deep trolls
  An ironbound convoker (Vaults:4)
  A necromancer (Depths:2)
  A faun (Shoals:3)
  A cyclops (Orc:2)
  A salamander (Snake:4)
  A sphinx skeleton (Depths:2)
  3 black mambas
  A water nymph (Shoals:3)
  A merfolk siren (Shoals:4)
  4 naga magi
  A vault sentinel (Vaults:5)
  A cane toad (Lair:6)
  A rime drake (Lair:6)
  2 yaktaurs (Vaults:2)
  4 merfolk
  2 wind drakes (Shoals:3)
  A hornet (Depths:4)
  4 trolls (Orc:2)
  3 saltlings (Desolation)
  A blink frog (Lair:1)
  A wraith (D:15)
  A yak (D:9)
  11 nagas
  A water moccasin (Lair:6)
  6 ogres (Orc:2)
  A kobold brigand (D:9)
  2 bullfrogs (Lair:2)
  An orc priest (Orc:1)
  A wolf simulacrum (IceCv)
  A centaur simulacrum (D:9)
  An ufetubus (D:9)
  5 kobolds (D:9)
  2 ballistomycete spores (Vaults:4)
143 creatures vanquished.

Vanquished Creatures (others)
  A fire giant (Depths:2)
  An anaconda (shapeshifter) (Depths:3)
  A hell knight (Depths:4)
  A wizard (D:14)
  An oklob plant (Gauntlet)
  A naga (Snake:3)
  57 fungi
  147 plants
  4 tentacles (Shoals:4)
214 creatures vanquished.

Grand Total: 2477 creatures vanquished

Notes
Turn   | Place    | Note
-------+----------+-------------------------------------------
     0 | D:1      | fictitious the Minotaur Fighter began the quest for the
                  | Orb.
     0 | D:1      | Reached XP level 1. HP: 19/19 MP: 0/0
   254 | D:1      | Reached XP level 2. HP: 26/26 MP: 1/1
   606 | D:2      | Found a glowing golden altar of the Shining One.
   713 | D:2      | Found a faded altar of an unknown god.
   901 | D:2      | Reached XP level 3. HP: 26/31 MP: 2/2
  1066 | D:2      | Noticed Robin
  1077 | D:2      | Killed Robin
  1078 | D:2      | Reached skill level 5 in Polearms
  1190 | D:2      | You are sucked into a shaft and drop 1 floor!
  1193 | D:3      | Reached XP level 4. HP: 39/39 MP: 3/3
  1221 | D:3      | Reached XP level 5. HP: 29/45 MP: 4/4
  2276 | D:4      | Found a hide-covered altar of Uskayaw.
  2568 | D:4      | Reached XP level 6. HP: 41/51 MP: 5/5
  3221 | D:4      | Found a radiant altar of Vehumet.
  3253 | D:5      | Entered Level 5 of the Dungeon
  3260 | D:5      | Noticed an ice beast
  3275 | D:5      | Killed an ice beast
  3674 | D:5      | Reached XP level 7. HP: 57/57 MP: 6/6
  4121 | D:5      | Reached skill level 10 in Polearms
  4243 | D:5      | Found a staircase to the Ecumenical Temple.
  4252 | Temple   | Entered the Ecumenical Temple
  4266 | Temple   | Became a worshipper of Fedhas Madash
  4395 | D:5      | Found a snail-covered altar of Cheibriados.
  4556 | D:5      | Reached skill level 4 in Armour
  4712 | D:6      | Reached skill level 1 in Dodging
  4712 | D:6      | Reached skill level 1 in Invocations
  4715 | D:6      | Reached XP level 8. HP: 51/67 MP: 7/7
  4829 | D:6      | Reached skill level 5 in Fighting
  4829 | D:6      | Reached skill level 5 in Armour
  5206 | D:6      | Found a bloodstained altar of Trog.
  5304 | D:6      | Reached * piety under Fedhas
  5536 | D:6      | Reached skill level 6 in Armour
  5567 | D:6      | Reached XP level 9. HP: 71/75 MP: 9/9
  5627 | D:6      | Reached skill level 5 in Shields
  5646 | D:6      | Found Vasutsem's Weapon Boutique.
  5936 | D:6      | Found Ysoceukh's Weapon Boutique.
  6255 | D:7      | Reached ** piety under Fedhas
  6556 | D:7      | Found a burning altar of Makhleb.
  6786 | D:8      | Found a flagged portal.
  6810 | D:8      | Reached skill level 7 in Armour
  6921 | Bailey   | Entered a bailey
  7026 | Bailey   | Reached XP level 10. HP: 78/86 MP: 12/12
  7126 | Bailey   | Noticed a two-headed ogre
  7138 | Bailey   | Killed a two-headed ogre
  7139 | Bailey   | Reached skill level 5 in Dodging
  7551 | Bailey   | Reached skill level 8 in Armour
  7745 | D:8      | Reached skill level 5 in Invocations
  7775 | D:8      | Found the +0 staff of Battle
  8094 | D:8      | Found a shimmering blue altar of Sif Muna.
  8095 | D:8      | Found an iron altar of Okawaru.
  8248 | D:8      | Found an ornate altar of the Wu Jian Council.
  8679 | D:8      | Identified 2 scrolls of acquirement
  8680 | D:8      | Acquired the +0 pair of boots "Laizipn" {Dex+3}
  8687 | D:8      | Acquired the +3 pair of gauntlets of War {Slay+5}
  8687 | D:8      | Found the +3 pair of gauntlets of War {Slay+5}
  8730 | D:9      | Reached *** piety under Fedhas
  9072 | D:9      | Reached XP level 11. HP: 85/94 MP: 14/14
  9074 | D:9      | Noticed a death yak
  9075 | D:9      | Noticed a death yak
  9094 | D:9      | Killed a death yak
  9182 | D:9      | Noticed a death yak
  9199 | D:9      | Killed a death yak
  9232 | D:8      | Killed a death yak
  9432 | D:9      | Found a staircase to the Orcish Mines.
  9466 | D:9      | Reached **** piety under Fedhas
  9727 | D:9      | Reached skill level 15 in Polearms
  9758 | D:9      | Found a staircase to the Lair.
  9888 | Lair:1   | Entered Level 1 of the Lair of Beasts
 10135 | Lair:1   | Noticed Urug
 10141 | Lair:1   | Killed Urug
 10233 | Lair:1   | Identified the +6 mace of Uzepseyn {venom, rN+}
 10357 | Lair:1   | Noticed a six-headed hydra
 10394 | Lair:1   | Killed a 19-headed hydra
 11266 | Lair:2   | Reached XP level 12. HP: 98/103 MP: 16/16
 11530 | Lair:2   | Found a runed translucent gate.
 11531 | Lair:2   | Found a runed translucent gate.
 11532 | Lair:2   | Found a runed translucent gate.
 11542 | Lair:2   | Noticed a minotaur
 11544 | Lair:2   | Noticed acdeimund's ghost (journeyman DDFi)
 11544 | Lair:2   | Noticed a four-headed hydra
 12161 | Lair:3   | Noticed a death yak
 12161 | Lair:3   | Noticed a death yak
 12161 | Lair:3   | Noticed a death yak
 12161 | Lair:3   | Noticed a death yak
 12162 | Lair:3   | Noticed a death yak
 12202 | Lair:3   | Found a staircase to the Snake Pit.
 12270 | Lair:3   | Identified the +7 hunting sling of Oroihem {flame, rC-
                  | rCorr Str+9 Dex-4}
 12489 | Lair:3   | Reached skill level 9 in Armour
 12925 | Lair:3   | Killed a death yak
 13018 | Lair:2   | Killed a death yak
 13065 | Lair:2   | Killed a death yak
 13069 | Lair:2   | Killed a death yak
 13189 | Lair:3   | Killed a death yak
 13724 | Lair:4   | Reached skill level 10 in Armour
 13728 | Lair:3   | Reached skill level 10 in Fighting
 14003 | Lair:4   | Found a staircase to the Shoals.
 14144 | Lair:4   | Reached skill level 10 in Dodging
 14182 | Lair:4   | Reached ***** piety under Fedhas
 14334 | Lair:4   | Reached XP level 13. HP: 114/114 MP: 19/19
 15033 | Lair:5   | Reached skill level 1 in Crossbows
 15092 | Lair:5   | Reached skill level 11 in Armour
 15092 | Lair:5   | Reached skill level 10 in Invocations
 15472 | Lair:5   | Found a staircase to the Slime Pits.
 15715 | Lair:6   | Entered Level 6 of the Lair of Beasts
 16182 | Lair:6   | Reached skill level 5 in Crossbows
 16216 | Lair:6   | Reached skill level 12 in Armour
 16216 | Lair:6   | Reached XP level 14. HP: 118/126 MP: 18/21
 16222 | Lair:6   | Reached ****** piety under Fedhas
 16939 | Orc:1    | Entered Level 1 of the Orcish Mines
 18087 | Lair:6   | Found a large runed translucent door.
 18088 | Lair:6   | Found a large runed translucent door.
 18311 | Lair:6   | Acquired a manual of Fighting
 18746 | Orc:2    | Entered Level 2 of the Orcish Mines
 18746 | Orc:2    | Found a staircase to the Elven Halls.
 19039 | Orc:2    | Reached skill level 13 in Armour
 19047 | Orc:2    | Found Siad's Armour Emporium.
 19316 | Orc:2    | Paralysed by an ogre mage for 7 turns
 19400 | Orc:2    | Found Guteoxky's Book Shoppe.
 19402 | Orc:2    | Found Loaguk's Assorted Antiques.
 19407 | Orc:2    | Found Tojeiwk's Book Shoppe.
 19422 | Orc:2    | Bought a glowing yellow potion for 18 gold pieces
 19772 | Orc:2    | Found Jisuymp's Distillery.
 19781 | Orc:2    | Bought a potion of heal wounds for 70 gold pieces
 19781 | Orc:2    | Bought a potion of heal wounds for 70 gold pieces
 19781 | Orc:2    | Bought a potion of haste for 140 gold pieces
 19883 | Orc:2    | Bought a faintly glowing scale mail for 189 gold pieces
 19883 | Orc:2    | Identified the +1 scale mail "Qoak" {rCorr Int+4} (You
                  | bought it in a shop on level 2 of the Orcish Mines)
 19883 | Orc:2    | Bought a glowing arbalest for 157 gold pieces
 19894 | Orc:2    | Bought a +2 plate armour of fire resistance for 560 gold
                  | pieces
 20036 | Orc:2    | Bought a scroll of enchant armour for 157 gold pieces
 20036 | Orc:2    | Bought a scroll of enchant armour for 157 gold pieces
 20105 | D:10     | Entered Level 10 of the Dungeon
 20181 | D:10     | Noticed Erica
 20185 | D:10     | Killed Erica
 20306 | D:10     | Reached XP level 15. HP: 138/138 MP: 22/22
 20413 | D:10     | Noticed Maurice
 20427 | D:10     | Killed Maurice
 20558 | D:10     | Noticed Fannar
 20558 | D:10     | Noticed Snorg
 20578 | D:10     | Killed Fannar
 20591 | D:10     | Killed Snorg
 20616 | D:10     | Found Reob's Distillery.
 21504 | D:11     | Acquired the amulet of Zukecs {Faith -Cast rF+ rCorr}
 22102 | D:12     | Found a gate leading to a gauntlet.
 22107 | Gauntlet | Entered a Gauntlet
 22107 | Gauntlet | Found a large runed translucent door.
 22107 | Gauntlet | Found a large runed translucent door.
 22107 | Gauntlet | Found a large runed translucent door.
 22107 | Gauntlet | Found a large runed translucent door.
 22107 | Gauntlet | Found a large runed translucent door.
 22107 | Gauntlet | Found a large runed translucent door.
 22107 | Gauntlet | Found a runed translucent door.
 22107 | Gauntlet | Found a transporter.
 22107 | Gauntlet | Found a transporter.
 22107 | Gauntlet | Found a runed translucent door.
 22107 | Gauntlet | Found a large runed translucent door.
 22107 | Gauntlet | Found a large runed translucent door.
 22107 | Gauntlet | Found a large runed translucent door.
 22107 | Gauntlet | Found a large runed translucent door.
 22107 | Gauntlet | Found a large runed translucent door.
 22107 | Gauntlet | Found a large runed translucent door.
 22112 | Gauntlet | Found a transporter.
 22127 | Gauntlet | Found a transporter.
 22143 | Gauntlet | Found a transporter.
 22154 | Gauntlet | Found a transporter.
 22239 | Gauntlet | Found a large runed translucent door.
 22239 | Gauntlet | Found a large runed translucent door.
 22240 | Gauntlet | Found a runed translucent gate.
 22240 | Gauntlet | Found a runed translucent gate.
 22240 | Gauntlet | Found a runed translucent gate.
 22242 | Gauntlet | Found a transporter.
 22252 | Gauntlet | Found a large runed translucent door.
 22253 | Gauntlet | Found a large runed translucent door.
 22257 | Gauntlet | Found a transporter.
 22279 | Gauntlet | Found a transporter.
 22287 | Gauntlet | Found a transporter.
 22305 | Gauntlet | Found a transporter.
 22376 | Gauntlet | Found a transporter.
 22380 | Gauntlet | Found a transporter.
 22391 | Gauntlet | Found a transporter.
 22398 | Gauntlet | Found a transporter.
 22401 | Gauntlet | Found a transporter.
 22644 | Gauntlet | Identified the ring of Doubts {Fly rElec rC+ Dex+6}
 22762 | D:12     | Reached skill level 15 in Fighting
 22790 | D:12     | Found a frozen archway.
 22805 | IceCv    | Entered an ice cave
 23198 | IceCv    | Identified the ring of Semaices {rPois EV+4}
 23327 | D:12     | Acquired a +2 bardiche of protection
 24248 | Shoals:1 | Entered Level 1 of the Shoals
 25632 | Shoals:2 | Reached skill level 10 in Crossbows
 26035 | Shoals:2 | Reached XP level 16. HP: 107/149 MP: 24/24
 27981 | Snake:1  | Entered Level 1 of the Snake Pit
 28690 | Snake:1  | Noticed Nikola
 28698 | Snake:1  | Killed Nikola
 29366 | Snake:2  | Noticed Vashnia
 29376 | Snake:2  | Killed Vashnia
 30169 | Snake:3  | Reached skill level 14 in Armour
 30173 | Snake:3  | Reached XP level 17. HP: 155/163 MP: 21/25
 30340 | Snake:3  | Found Kutrefof's Book Shoppe.
 30345 | Snake:3  | Found Awast's Jewellery Shop.
 30347 | Snake:3  | Found Lepefauf's Book Shoppe.
 30774 | Snake:3  | Noticed Jorgrun
 30788 | Snake:3  | Killed Jorgrun
 31375 | Snake:4  | Entered Level 4 of the Snake Pit
 32184 | Snake:4  | Found Suliuvva's Armour Emporium.
 32836 | Snake:4  | Reached skill level 15 in Crossbows
 33255 | Snake:4  | Reached XP level 18. HP: 149/176 MP: 26/26
 33460 | Snake:4  | Got a serpentine rune of Zot
 33804 | Shoals:4 | Entered Level 4 of the Shoals
 33871 | Shoals:4 | Noticed Ilsuiw
 33881 | Shoals:4 | Killed Ilsuiw
 34415 | Shoals:4 | Identified the ring of the Past {rF+ Dex+7 Stlth-}
 34684 | Shoals:4 | Got a barnacled rune of Zot
 35025 | Shoals:4 | Found Tuic Maxu's Assorted Antiques.
 35404 | Shoals:4 | Identified the +1 scale mail "Kimoudui" {rN+}
 35583 | Shoals:4 | Bought a twisted fluorescent amulet for 210 gold pieces
 36154 | D:13     | Found a gate to the Vaults.
 36268 | D:13     | Found Zeobidgha's Book Boutique.
 36787 | D:14     | Found an iron altar of Okawaru.
 37375 | D:15     | Entered Level 15 of the Dungeon
 37547 | D:15     | Found a staircase to the Depths.
 37670 | D:15     | Found Cank's Weapon Boutique.
 38025 | D:15     | Found a sacrificial altar of Ru.
 38222 | Elf:1    | Entered Level 1 of the Elven Halls
 38484 | Elf:1    | Reached XP level 19. HP: 167/183 MP: 28/28
 38611 | Elf:1    | Noticed Donald
 38624 | Elf:1    | Killed Donald
 39134 | Elf:1    | Found a portal to a secret trove of treasure.
 39148 | Trove    | Entered a treasure trove
 39152 | Trove    | Found the ring of the Mage {Wiz Archmagi}
 39156 | Trove    | Identified the ring of the Jumping Traitor {Will+ Dex+2}
 39160 | Trove    | Identified the amulet "Gyorruly" {Reflect rElec rC++ rN+
                  | Will- SH+5}
 39163 | Trove    | Identified the ring "Mipluw" {rElec rC+ rN+ SInv}
 39168 | Trove    | Identified the ring of the Spinneret {Fire rPois Str+4
                  | Int+4 SInv}
 39171 | Trove    | Identified the ring "Penu" {rPois rF++ rCorr Dex+3 Slay-3}
 39173 | Trove    | Identified the ring "Coorph" {Ice rElec rN++ Dex-5}
 39175 | Trove    | Identified the ring of Trepidation {Fly rCorr}
 39177 | Trove    | Identified the ring of Vemic {rCorr Slay+2 Stlth+}
 39178 | Trove    | Identified the ring of Hedaumub {MP+9 Dex+4}
 39180 | Trove    | Identified the amulet of Okawaru's Regard {Spirit -Cast
                  | rElec Dex+3}
 39500 | Elf:2    | Found a runed translucent gate.
 39500 | Elf:2    | Found a runed translucent gate.
 39543 | Elf:2    | Found a transporter.
 39548 | Elf:2    | Found a bloodstained altar of Trog.
 39548 | Elf:2    | Noticed Jingleheimer's ghost (veteran FoFi)
 39549 | Elf:2    | Found a transporter.
 39581 | Elf:2    | Noticed Roxanne
 39653 | Elf:2    | Reached skill level 15 in Armour
 39729 | Elf:2    | Found a crumbling gateway.
 39865 | Desolati | Entered the Desolation of Salt
 40239 | Desolati | Found the +3 hat of Pondering {ponderous, Will+ MP+10
                  | Int+5}
 40255 | Desolati | Got the Incunabulum of Combat Magic
 40274 | Desolati | Identified the ring of Soisu {rPois rF+ rN++ SInv Stlth-}
 40280 | Desolati | Got the Handbook of Curses and Dark Secrets
 40431 | Desolati | Identified the +4 flail "Idumeont" {drain, Fragile +Blink
                  | Int+5}
 40466 | Desolati | Got the Catalogue of the Quantum Mountains
 40478 | Desolati | Got the Almanac of the Frigorific Escort
 40486 | Desolati | Identified the ring "Hiokh" {rPois EV+4 Int+2}
 41095 | Desolati | Identified the +1 short sword "Feynihap" {protect, rElec}
 41097 | Desolati | Got the Almanac of Beguiling and Darkness
 41102 | Desolati | Identified the +0 scale mail of Henotheism {Harm rCorr
                  | Int-5 SInv}
 41159 | Desolati | Identified the ring of Qarghus {rElec rF+ Str-5 Stlth+}
 41162 | Desolati | Identified the ring "Kaggoele" {Ice Will- Int+7 Dex+4}
 41818 | Elf:2    | Found a runed translucent gate.
 41966 | Elf:2    | Noticed Asterion
 41989 | Elf:2    | Killed Asterion
 42972 | Elf:2    | Killed Roxanne
 43065 | Elf:2    | Reached skill level 16 in Armour
 43714 | Elf:2    | Reached skill level 15 in Invocations
 43721 | Elf:2    | Reached XP level 20. HP: 189/193 MP: 30/30
 43801 | Elf:2    | Reached skill level 15 in Dodging
 43995 | Elf:3    | Entered Level 3 of the Elven Halls
 44869 | Elf:3    | Identified the ring "Boopon" {Wiz Fly Will+ Stlth+}
 44977 | Elf:3    | Acquired 583 gold pieces
 44992 | Elf:3    | Identified the +1 broad axe "Macziaf" {holy, Contam Fly rF-
                  | Stlth+}
 45056 | Elf:3    | Found the +3 sling "Punk" {acid, rCorr}
 45059 | Elf:3    | Identified the +0 chain mail of Oblivion {Harm *Slow Dex+9}
 45073 | Elf:3    | Identified the +11 mace of Dymneyt {vorpal, rPois rN+ rCorr
                  | Dex+2}
 45098 | Elf:3    | Got Cofe's Guide on Sinister Calling
 45130 | Elf:3    | Found the +6 lightning scales {swift, rElec}
 45317 | Elf:3    | Identified the +7 shortbow of Vicifisi {speed, rElec Str+3
                  | Dex-4 SInv}
 45546 | Elf:3    | Identified the +1 cloak "Toneph" {Str+2 Int+8}
 45609 | Elf:3    | Identified the +4 dagger of the Lame Duck {venom, Fly rElec
                  | Int-3 Dex+4}
 45926 | Vaults:1 | Entered Level 1 of the Vaults
 46295 | Vaults:1 | Reached skill level 17 in Armour
 46826 | Vaults:1 | Identified the +8 hand crossbow of Day {venom, rElec}
 48213 | Vaults:2 | Noticed Mennas
 48572 | Vaults:1 | Killed Mennas
 48573 | Vaults:1 | Reached XP level 21. HP: 174/201 MP: 31/32
 48725 | Vaults:2 | Reached skill level 18 in Armour
 50320 | Vaults:3 | Found a staircase to the Crypt.
 52491 | Vaults:4 | Reached skill level 19 in Armour
 52624 | Vaults:4 | Reached XP level 22. HP: 163/209 MP: 33/33
 52983 | Vaults:4 | Noticed Mara
 52985 | Vaults:4 | Noticed fictitious's illusion
 52996 | Vaults:4 | Killed Mara
 53213 | Vaults:4 | Found a transporter.
 53224 | Vaults:4 | Found a transporter.
 54223 | Vaults:4 | Acquired 1006 gold pieces
 54225 | Vaults:4 | Acquired a manual of Crossbows
 54564 | Lair:2   | Killed acdeimund's ghost
 55083 | Elf:2    | Killed Jingleheimer's ghost
 55174 | Elf:2    | Identified the +2 hat "Huecw" {rElec Dex+4 Slay-2}
 55405 | Depths:1 | Entered Level 1 of the Depths
 55421 | Depths:1 | Identified the +7 scale mail "Pyxyckyu" {Harm rN++ Regen+
                  | Dex-4}
 55490 | Depths:1 | Found a broken altar of Ashenzari.
 55545 | Depths:1 | Found a one-way gateway to a ziggurat.
 55825 | Depths:1 | Noticed a golden dragon
 55834 | Depths:1 | Killed a golden dragon
 55944 | Depths:1 | Found the +8 glaive of the Guard {elec, spectral, AC+5}
 56046 | Depths:1 | Reached skill level 20 in Armour
 56302 | Depths:1 | Found a gateway to Hell.
 57270 | Depths:2 | Reached XP level 23. HP: 137/215 MP: 35/35
 58932 | Depths:2 | Found an opulent altar of Gozag.
 58952 | Depths:2 | Found a one-way gate to the infinite horrors of the Abyss.
 59120 | Depths:2 | Found a one-way gate leading to the halls of Pandemonium.
 59196 | Depths:2 | Reached skill level 21 in Armour
 59460 | Depths:3 | Found a runed translucent door.
 59864 | Depths:3 | Noticed a caustic shrike
 59874 | Depths:3 | Killed a caustic shrike
 59884 | Depths:3 | Found the +3 salamander hide armour {Flames rF++ rC--}
 60494 | Depths:3 | Identified the +4 chain mail of Gozag's Brutal Revenge
                  | {Str+6 Slay+2}
 61021 | Depths:3 | Found a hazy altar of Hepliaklqana.
 61096 | Depths:4 | Entered Level 4 of the Depths
 62350 | Depths:4 | Found a gate to the Realm of Zot.
 63260 | Vaults:4 | Reached skill level 22 in Armour
 63388 | Vaults:5 | Entered Level 5 of the Vaults
 63402 | Vaults:5 | Reached XP level 24. HP: 125/225 MP: 32/36
 64108 | Vaults:5 | Identified the +0 robe of Zin's Favour {rC+ rN+ Dex-4}
 64559 | Vaults:5 | Acquired the ring of Paranoia {Str+7 Int-3 Dex+6 Slay+2}
 64750 | Vaults:5 | Identified the +0 robe of the Saviour {Rampage Dex-4
                  | Stlth+}
 64750 | Vaults:5 | Identified the amulet of Circularity {RegenMP rC+ rCorr
                  | Stlth+}
 64820 | Vaults:5 | Noticed a dread lich
 64830 | Vaults:5 | Killed a dread lich
 64866 | Vaults:5 | Identified the +7 glaive of Premature Burial {freeze,
                  | Dex+4}
 64866 | Vaults:5 | Identified the ring "Uhos" {Wiz rN+}
 64928 | Vaults:5 | Noticed a juggernaut
 64929 | Vaults:5 | Noticed a shard shrike
 64929 | Vaults:5 | a juggernaut changed into a shard shrike
 64930 | Vaults:5 | a shard shrike changed into a rockslime
 64939 | Vaults:5 | Reached skill level 23 in Armour
 65162 | Vaults:5 | Noticed a dread lich
 65177 | Vaults:5 | Killed a dread lich
 65194 | Vaults:5 | Identified the ring "Jehoeceodgh" {Contam Drain rN+++ Dex+6
                  | SInv}
 66468 | Vaults:5 | Got a silver rune of Zot
 66542 | Vaults:5 | Identified the +1 helmet "Bugadaef" {Harm rPois rF- Regen+}
 66549 | Vaults:5 | Got Tiofra's Volume of Bewitching Combat Magic
 67012 | Orc:2    | Bought a potion of curing for 42 gold pieces
 67012 | Orc:2    | Bought a potion of curing for 42 gold pieces
 67012 | Orc:2    | Bought a potion of curing for 42 gold pieces
 67012 | Orc:2    | Bought a potion of curing for 42 gold pieces
 67094 | D:10     | Bought a potion of mutation for 96 gold pieces
 67094 | D:10     | Bought a potion of curing for 36 gold pieces
 67094 | D:10     | Bought a potion of resistance for 120 gold pieces
 67094 | D:10     | Bought 2 potions of curing for 72 gold pieces
 67094 | D:10     | Bought a potion of curing for 36 gold pieces
 67094 | D:10     | Bought a potion of curing for 36 gold pieces
 67294 | Shoals:4 | Bought a potion of curing for 126 gold pieces
 67294 | Shoals:4 | Bought a potion of mutation for 336 gold pieces
 67294 | Shoals:4 | Bought a scroll of teleportation for 126 gold pieces
 67691 | Zot:1    | Entered Level 1 of the Realm of Zot
 67896 | Zot:1    | You are sucked into a shaft and drop 1 floor!
 68989 | Zot:1    | Reached skill level 24 in Armour
 70135 | Zot:2    | Reached XP level 25. HP: 222/238 MP: 36/36
 72203 | Zot:4    | Found the ring of the Hare {EV+8}
 72456 | Zot:4    | Reached skill level 25 in Armour
 73649 | Zot:5    | Entered Level 5 of the Realm of Zot
 73999 | Zot:5    | Noticed a dread lich
 74019 | Zot:5    | Killed a dread lich
 74288 | Zot:5    | Noticed a dread lich
 74290 | Zot:5    | Noticed a Killer Klown
 74298 | Zot:4    | Killed a dread lich
 74303 | Zot:5    | Noticed a Killer Klown
 74314 | Zot:4    | Killed a Killer Klown
 74539 | Zot:5    | Noticed a Killer Klown
 74555 | Zot:5    | Killed a Killer Klown
 74580 | Zot:5    | Noticed an orb of fire
 74583 | Zot:5    | Noticed an orb of fire
 74593 | Zot:5    | Noticed a dread lich
 74605 | Zot:4    | Killed an orb of fire
 74606 | Zot:4    | Reached skill level 26 in Armour
 74703 | Zot:5    | Noticed an orb of fire
 74706 | Zot:5    | Gained mutation: You tend to lose your temper in combat.
                  | [an orb of fire]
 74716 | Zot:5    | Gained mutation: You are partially covered in iridescent
                  | scales. (AC +2) [an orb of fire]
 74716 | Zot:5    | Killed an orb of fire
 74732 | Zot:5    | Reached XP level 26. HP: 217/251 MP: 33/36
 74743 | Zot:5    | Noticed an orb of fire
 74743 | Zot:5    | Gained mutation: You are occasionally teleported next to
                  | monsters. [an orb of fire]
 74757 | Zot:5    | Killed an orb of fire
 74977 | Zot:4    | Lost mutation: You are partially covered in iridescent
                  | scales. (AC +2) [potion of mutation]
 74977 | Zot:4    | Lost mutation: You are occasionally teleported next to
                  | monsters. [potion of mutation]
 74977 | Zot:4    | Gained mutation: Your spells are a little harder to cast,
                  | but a little more powerful. [potion of mutation]
 74977 | Zot:4    | Gained mutation: Your flesh is cold resistant. (rC+)
                  | [potion of mutation]
 75008 | Zot:5    | Noticed an orb of fire
 75008 | Zot:5    | Noticed an orb of fire
 75009 | Zot:5    | Gained mutation: Armour fits poorly on your strangely
                  | shaped body. [an orb of fire]
 75017 | Zot:4    | Gained mutation: You occasionally shout uncontrollably at
                  | your foes. [an orb of fire]
 75028 | Zot:4    | Killed an orb of fire
 75066 | Zot:4    | Lost mutation: Your spells are a little harder to cast, but
                  | a little more powerful. [potion of mutation]
 75066 | Zot:4    | Lost mutation: You occasionally shout uncontrollably at
                  | your foes. [potion of mutation]
 75066 | Zot:4    | Lost mutation: Your flesh is cold resistant. (rC+) [potion
                  | of mutation]
 75066 | Zot:4    | Gained mutation: Your movements are slightly less
                  | encumbered by armour. (ER -2) [potion of mutation]
 75066 | Zot:4    | Lost mutation: Your movements are slightly less encumbered
                  | by armour. (ER -2) [potion of mutation]
 75066 | Zot:4    | Gained mutation: Your spells are a little easier to cast,
                  | but a little less powerful. [potion of mutation]
 75066 | Zot:4    | Gained mutation: You are partially covered in iridescent
                  | scales. (AC +2) [potion of mutation]
 75067 | Zot:4    | Lost mutation: Your spells are a little easier to cast, but
                  | a little less powerful. [potion of mutation]
 75067 | Zot:4    | Lost mutation: You are partially covered in iridescent
                  | scales. (AC +2) [potion of mutation]
 75067 | Zot:4    | Lost mutation: You tend to lose your temper in combat.
                  | [potion of mutation]
 75067 | Zot:4    | Gained mutation: You have a pair of large horns on your
                  | head. [potion of mutation]
 75067 | Zot:4    | Gained mutation: You are frail. (-10% HP) [potion of
                  | mutation]
 75067 | Zot:4    | Gained mutation: You are resistant to electric shocks.
                  | (rElec) [potion of mutation]
 75068 | Zot:4    | Lost mutation: You have a pair of large horns on your head.
                  | [potion of mutation]
 75068 | Zot:4    | Lost mutation: You are resistant to electric shocks.
                  | (rElec) [potion of mutation]
 75068 | Zot:4    | Lost mutation: You are frail. (-10% HP) [potion of
                  | mutation]
 75068 | Zot:4    | Gained mutation: You occasionally shout uncontrollably at
                  | your foes. [potion of mutation]
 75068 | Zot:4    | Gained mutation: Your spells are a little harder to cast,
                  | but a little more powerful. [potion of mutation]
 75068 | Zot:4    | Gained mutation: You are covered in fur. (AC +1) [potion of
                  | mutation]
 75166 | Zot:5    | Killed an orb of fire
 75301 | Zot:4    | Gained mutation: You do not regenerate when monsters are
                  | visible. [an orb of fire]
 75302 | Zot:4    | Gained mutation: You are clumsy. (Dex -2) [an orb of fire]
 75304 | Zot:4    | Killed an orb of fire
 75867 | Zot:4    | Killed a dread lich
 76392 | Zot:5    | Noticed an orb of fire
 76400 | Zot:5    | Gained mutation: Your body sometimes deteriorates upon
                  | taking damage. [an orb of fire]
 76402 | Zot:5    | Killed an orb of fire
 76536 | Zot:5    | Noticed an orb of fire
 76564 | Zot:5    | Gained mutation: You are very clumsy. (Dex -4) [an orb of
                  | fire]
 76566 | Zot:5    | Killed an orb of fire
 76995 | Zot:5    | Noticed an orb of fire
 77000 | Zot:5    | Gained mutation: You frequently scream uncontrollably at
                  | your foes. [an orb of fire]
 77004 | Zot:5    | Killed an orb of fire
 77005 | Zot:5    | Reached skill level 27 in Armour
 77148 | Zot:5    | Noticed a dread lich
 77156 | Zot:5    | Killed a dread lich
 77217 | Zot:5    | Noticed a dread lich
 77229 | Zot:5    | Killed a dread lich
 77762 | Zot:5    | Lost mutation: Your spells are a little harder to cast, but
                  | a little more powerful. [potion of mutation]
 77762 | Zot:5    | Lost mutation: You are very clumsy. (Dex -4) [potion of
                  | mutation]
 77762 | Zot:5    | Lost mutation: You are clumsy. (Dex -2) [potion of
                  | mutation]
 77762 | Zot:5    | Gained mutation: You are somewhat resistant to further
                  | mutation. [potion of mutation]
 77762 | Zot:5    | Gained mutation: You passively dampen the noise of your
                  | surroundings. [potion of mutation]
 77763 | Zot:5    | Lost mutation: Armour fits poorly on your strangely shaped
                  | body. [potion of mutation]
 77763 | Zot:5    | Lost mutation: You are covered in fur. (AC +1) [potion of
                  | mutation]
 77763 | Zot:5    | Lost mutation: You frequently scream uncontrollably at your
                  | foes. [potion of mutation]
 77763 | Zot:5    | Gained mutation: You are frail. (-10% HP) [potion of
                  | mutation]
 77763 | Zot:5    | Gained mutation: You are strong-willed. (Will+) [potion of
                  | mutation]
 77780 | Zot:5    | Got the Orb of Zot
 78007 | D:14     | Noticed Peal the pandemonium lord
 78031 | D:14     | Killed Peal the pandemonium lord
 78323 | D:2      | Noticed Noaghom the pandemonium lord
 78360 | D:$      | Escaped with the Orb!

Illustrated notes

Levels and vault maps discovered:
D:1:      sevenhm_arrival_forest_fort_small_5, layout_rooms, dk_noncrumbling_4,
          grunt_decor_arrowhead
D:2:      layout_loops_ring, basic_altar,
          hellmonk_ecumenical_altar_inner_sanctum, uniq_robin
D:3:      layout_rooms
D:4:      layout_gridville, lemuel_coloured_pillars_altar, marbit_many_paths
D:5:      layout_loops_corners, lemuel_round_altar,
          minmay_temple_entry_gardened_gates
D:6:      layout_basic, bloody_trog, serial_shops, kennysheep_mini, shop
D:7:      layout_loops_ring, makhleb_heckhound_becter,
          chequers_serial_rivers_micro_b, wad_floor_pattern_1
D:8:      layout_basic, nicolae_wu_jian_wuxing_cycle, nicolae_overflow_squiral,
          enter_bailey_2, hellmonk_guarded_unrand_staff_of_battle
D:9:      layout_big_octagon, dpeg_lair_monsters, orc_0_dummy, serial_ice,
          serial_ice_h, serial_ice_l, serial_ice_e, serial_ice_c, serial_ice_m,
          serial_ice_o, bh_circular_ruins
D:10:     layout_roguey, serial_shops, nicolae_shop_trees, uniq_maurice,
          uniq_snorg, uniq_erica, uniq_fannar
D:11:     layout_stronghold
D:12:     layout_cave_pools, portal_ice_cave_demonic_guard,
          gauntlet_entry_generic, serial_bayou_pond_d
D:13:     layout_loops_ring, skrybe_vaults_entry_preservation, serial_shops,
          shop
D:14:     layout_long_grid, serial_bayou, serial_bayou_crossing,
          serial_bayou_pond_a, serial_bayou_shore_a, serial_bayou_pond_d,
          okawaru_metal_pillars_1_2
D:15:     grunt_enter_depths_snipers, layout_cave_pools, serial_shops, shop,
          nicolae_ru_the_path_less_chosen, serial_park, serial_park_tiny_2
Temple:   eino_temple_water
Lair:1:   layout_cave_pods, grunt_megastairs_4, uniq_urug
Lair:2:   layout_chaotic_city, maelrawn_ghost_gauntlet_escape,
          infiniplex_staircase_pool_2, grunt_megastairs_2
Lair:3:   layout_chaotic_city, dummy_snake_entry, serial_bayou_ford_a,
          nicolae_quartered_pool_medium, eino_house_with_fridge
Lair:4:   layout_cave_pods, minmay_shoals_entry_centaurs
Lair:5:   layout_roguey, slime_dummy, special_room [special_room_mythical_zoo],
          chequers_serial_rivers_micro_b, lemuel_fruit_tree, grunt_megastairs_5
Lair:6:   cheibrodos_lair_end_hotspot, layout_regular_city,
          amcnicky_mini_pool_medium
Shoals:1: layout_shoals, centaur_isle
Shoals:2: layout_shoals
Shoals:3: layout_shoals, nicolae_shoals_seven_spires
Shoals:4: shoals_end_hangedman, layout_shoals, shoal_ilsuiw, serial_shops,
          nicolae_shop_crystal
Snake:1:  layout_onion, uniq_nikola
Snake:2:  layout_gridlike, nicolae_snake_springs, uniq_vashnia
Snake:3:  layout_cave_shapes, grunt_ministairs_11, drop_trap, minmay_shop_grove,
          grunt_megastairs_1, uniq_jorgrun
Snake:4:  minmay_snake_end_coiled, layout_onion_interference, serial_shops,
          shop, nicolae_snake_gridmaze_big_u, grunt_ministairs_5
Orc:1:    layout_caves
Orc:2:    st_orc_open, layout_diamond_mine, serial_shops,
          nicolae_shop_temple_entry_statues_fountains, mines3_lemuel
Elf:1:    eino_elf_arrival_shootout, layout_geoelf_diagonals,
          nicolae_trove_entry_free_sample, hangedman_elf_represent, uniq_donald
Elf:2:    nicolae_elf_blades_splatter_lattice [grunt_blade_entry_basic],
          layout_rooms, portal_desolation_entry_twin_temple,
          gammafunk_ghost_wrathful_warriors, drop_trap, uniq_asterion,
          uniq_roxanne
Elf:3:    grunt_elf_hall_branching, layout_geoelf_diagonals
Vaults:1: v_misc_25, nicolae_vaults_border_crossing, v_misc_14,
          grunt_vaults_trifunnel, vaults_dpeg_encased_lava,
          hangedman_vaults_corner, hangedman_vaults_restitches, v_rooms_5,
          grunt_vaults_funnel, layout_vaults_ring
Vaults:2: v_misc_15, ontoclasm_vaults_tryst, vaults_dpeg_hooks, v_misc_28,
          v_misc_11, hangedman_vaults_nodes, nicolae_vaults_yaktaur_gun_rack,
          hangedman_vaults_stretched_pinwheel, layout_vaults_chaotic_city,
          uniq_mennas
Vaults:3: grunt_vaults_focal, v_misc_28, minmay_crypt_entry_simple_plaza,
          v_misc_11, vaults_room_stairs_pillars, hangedman_vaults_trim,
          nicolae_vaults_stairing_the_circle, nicolae_vaults_meeting,
          ontoclasm_vaults_misaligned, v_alt_pattern_1, hangedman_vaults_impose,
          nicolae_vaults_little_squares_4, layout_vaults_omnibox
Vaults:4: gammafunk_sealed_arena, nicolae_vaults_network_quincunx
          [nicolae_vaults_network_quincunx_subvault,
          nicolae_vaults_network_quincunx_subvault,
          nicolae_vaults_network_quincunx_subvault,
          nicolae_vaults_network_quincunx_subvault,
          nicolae_vaults_network_quincunx_subvault],
          nicolae_vaults_hallways_thing, vaults_mumra_minichess,
          grunt_vaults_diagonal, nicolae_vaults_big_ls, vaults_room_pools,
          grunt_vaults_hallway_short, ontoclasm_vaults_gateway,
          ontoclasm_vaults_chip, vaults_mumra_hexcomb, layout_vaults_omnicross,
          uniq_mara
Vaults:5: serial_shops
Depths:1: minmay_guarded_unrand_guard, layout_cave_shapes, enter_ziggurat_f,
          kennysheep_flooded_box, hangedman_tar_grid_catacomb,
          kennysheep_generic_room_11
Depths:2: grunt_house_of_mirrors, layout_cave_pools, hangedman_coc_ice_floe,
          rand_demon_pan_entry_1, abyss_entry, kennysheep_cluttered_room,
          nicolae_gozag_cash_rules_everything_around_me
Depths:3: minmay_octo_star, layout_cave_pools, nicolae_hepliaklqana_hippocampus,
          hell_entry, abyss_entry, hangedman_abyss_or_decor_jellyfish_corner,
          chequers_serial_rivers_micro_d, minmay_acid_items
Depths:4: grunt_zot_entry_alcove, layout_long_grid, hell_entry,
          hangedman_abyss_or_decor_stabs, rand_demon_pan_entry_5
Zot:1:    layout_twisted_circle, guppyfry_library_mini
Zot:2:    layout_basic, st_stairs_6
Zot:3:    lemuel_draconian_sentries, layout_twisted_circle
Zot:4:    layout_gridlike, st_small_dragon_hoard_5, st_single_dragon_hoard_3
Zot:5:    layout_misc_corridors

Skill      XL: |  1  2  3  4  5  6  7  8  9 10 11 12 13 14 15 16 17 18 19 20 21 22 23 24 25 26 |
---------------+-------------------------------------------------------------------------------+-----
Polearms       | 3 4 5 6 7 9 10 11 12 14 16 19 21 22 24 | 24.0
Fighting       | 4 6 7 8 10 12 14 15 18 19 20 22 23 24 | 24.4
Armour         | 4 6 7 8 10 12 13 14 16 17 19 20 22 24 26 27 | 27.0
Dodging        | 1 2 4 6 8 10 11 12 13 14 16 17 18 20 22 24 | 24.1
Shields        | 4 5 |  5.0
Invocations    | 1 2 4 5 7 9 10 11 12 13 15 16 17 19 20 | 20.0
Crossbows      | 5 8 10 13 15 17 18 20 22 24 | 24.2

Action                   |  1- 3 |  4- 6 |  7- 9 | 10-12 | 13-15 | 16-18 | 19-21 | 22-24 | 25-27 || total
-------------------------+-------+-------+-------+-------+-------+-------+-------+-------+-------++-------
Melee: Trident           |    87 |   145 |   152 |       |     7 |       |       |       |       ||   391
       Headbutt          |     7 |     9 |    37 |    62 |   172 |   145 |   237 |   229 |   170 ||  1068
       Halberd           |       |       |   104 |   477 |   988 |       |       |       |       ||  1569
       Glaive            |       |       |       |       |    71 |   631 |       |   157 |    19 ||   878
       Bardiche          |       |       |       |       |       |   440 |  1126 |   745 |   606 ||  2917
 Fire: Arbalest          |       |       |       |       |    16 |   177 |   455 |   628 |   250 ||  1526
Throw: Dart              |       |    12 |    15 |     4 |     9 |       |       |       |       ||    40
       Throwing net      |       |       |       |     7 |       |       |       |       |     2 ||     9
       Javelin           |       |       |       |       |       |       |       |     1 |     1 ||     2
Invok: Wall of Briars    |       |       |       |     6 |     4 |     2 |     1 |     3 |     3 ||    19
       Overgrow          |       |       |       |     1 |       |       |     1 |     2 |     1 ||     5
       Grow Oklob        |       |       |       |       |     4 |    23 |     9 |    25 |    15 ||    76
Evoke: Wand              |       |       |     1 |    11 |     5 |     3 |       |     2 |     6 ||    28
       Condenser vane    |       |       |       |       |       |     1 |     2 |       |     1 ||     4
  Use: Potion            |     1 |     4 |       |       |     2 |       |     6 |     4 |    24 ||    41
       Scroll            |       |     3 |     9 |    18 |    14 |     5 |     6 |    23 |    10 ||    88
 Stab: Distracted        |       |       |       |     1 |     4 |    14 |     4 |    12 |     4 ||    39
       Sleeping          |       |       |       |     1 |       |       |       |       |       ||     1
       Petrified         |       |       |       |       |       |     2 |       |       |       ||     2
       Confused          |       |       |       |       |       |       |     5 |       |     4 ||     9
       Held in net/web   |       |       |       |       |       |       |       |       |     1 ||     1
Armor: Scale mail        |     9 |       |       |       |       |       |       |       |       ||     9
       Chain mail        |    21 |    46 |    83 |     7 |   257 |   332 |   325 |       |       ||  1071
       Skin              |       |     8 |       |       |       |       |       |       |       ||     8
       Steam dragon scal |       |       |       |   100 |    82 |       |       |       |       ||   182
       Plate armour      |       |       |       |       |       |       |    35 |   210 |       ||   245
       Gold dragon scale |       |       |       |       |       |       |       |   270 |   213 ||   483
Dodge: Dodged            |    22 |    34 |    53 |   220 |   497 |   616 |   524 |   501 |   309 ||  2776
Block: Buckler           |    10 |    13 |    23 |       |       |       |       |       |       ||    46
